 Dungeon Crawl Stone Soup version 0.25.1-2-g60ff931df9 (webtiles) character file.

Game seed: 11571912169083034637

50 lepoulpe303 the Distorting Demonspawn (level 3, -3/29 HPs)
             Began as a Demonspawn Abyssal Knight on Aug 17, 2020.
             Was a Believer of Lugonu.
             Slain by Robin
             ... wielding a +4 short sword
              (8 damage)
             ... on level 2 of the Dungeon.
             The game lasted 00:03:21 (1635 turns).

lepoulpe303 the Distorting Demonspawn (DsAK)        Turns: 1635, Time: 00:03:22

Health: -3/29      AC:  5    Str: 13    XL:     3   Next: 55%
Magic:  5/5        EV: 10    Int: 13    God:    Lugonu [**....]
Gold:   72         SH:  0    Dex: 12    Spells: 2/2 levels left

rFire    . . .     SeeInvis .   a - +1 falchion
rCold    . . .     Gourm    .   (no shield)
rNeg     . . .     Faith    .   k - +0 ring mail
rPois    .         Spirit   .   (no helmet)
rElec    .         Reflect  .   (no cloak)
rCorr    .         Harm     .   (no gloves)
MR       .....                  (no boots)
Stlth    +.........             (no amulet)
HPRegen  0.09/turn              (no ring)
MPRegen  0.09/turn              (no ring)

@: no status effects
A: claws 1
a: Depart the Abyss, Bend Space, Renounce Religion


You were on level 2 of the Dungeon.
You worshipped Lugonu.
Lugonu was pleased with you.
You were not hungry.

You visited 1 branch of the dungeon, and saw 2 of its levels.
You visited the Abyss 1 time.

You collected 72 gold pieces.

Inventory:

Hand Weapons
 a - a +1 falchion (weapon)
 b - a +0 hunting sling
Missiles
 Q - 57 stones (quivered)
Armour
 k - a +0 ring mail (worn)
 m - a +0 leather armour
Scrolls
 d - 2 scrolls of enchant armour {unknown}
 i - 2 scrolls of identify {unknown}
 l - a scroll of fear {unknown}
Potions
 c - a potion of flight {unknown}
 f - a potion of resistance {unknown}
 g - a potion of degeneration {unknown}
 h - a potion of magic {unknown}
Comestibles
 e - a ration
 j - 7 chunks of flesh


   Skills:
 + Level 3.1 Fighting
 * Level 2.4 Long Blades
 + Level 2.1 Armour
 + Level 1.3 Dodging
 * Level 3.3 Invocations


You had 2 spell levels left.
You didn't know any spells.
Your spell library was empty.

Dungeon Overview and Level Annotations

Branches:
Dungeon (2/15)

Altars:
Qazlal

Annotations:
D:2 Robin


Innate Abilities, Weirdness & Mutations

You have sharp fingernails.


Message History

You hit the hobgoblin but do no damage.
The hobgoblin hits you but does no damage.
You barely miss the hobgoblin. The hobgoblin barely misses you.
You riposte.
You barely miss the hobgoblin. You closely miss the hobgoblin.
The hobgoblin completely misses you.
You barely miss the hobgoblin. The hobgoblin closely misses you. x2
You closely miss the hobgoblin. The hobgoblin hits you.
* * * LOW HITPOINT WARNING * * *
You take 5 damage, and have 8/29 hp.
You hit the hobgoblin.
You kill the hobgoblin!
You completely miss Robin. Robin hits you with a +4 short sword.
* * * LOW HITPOINT WARNING * * *
You take 4 damage, and have 4/29 hp.
You hit Robin. Robin closely misses you.
You riposte.
You hit Robin. You barely miss Robin. Robin hits you but does no damage.
You hit Robin.
Robin says, "Kneel, worm!"
Robin hits you with a +4 short sword!
You die...

... ..# ...g ... ..#
#..g #.# #.# ##... #.#
#.# ##...## #.### ###.#
##.....###.##. ###.#.#
##.......##.##(
#....†###..........g(..
#....)@g()....?.......g
#....####.........(...g
#.#.## ##......≈..§§§.
#.### ##.......≈§≈≈≈
#.# ##...§.≈≈≈≈≈≈ #.#
##+...≈≈≈≈§§ #.#
#...≈§≈8>≈§ #.#
#...≈≈≈_.≈§ #.# §§§≈≈≈


You could see Robin.

Levels and vault maps discovered:
D:1:      ncdulo_watergridlock, layout_loops_corners, lexackson_kobold_supper
D:2:      layout_loops_corners, chequers_serial_rivers_marsh,
          nicolae_qazlal_general_emergency, uniq_robin, uniq_sigmund

Notes
Turn   | Place    | Note
-------+----------+-------------------------------------------
     0 | Abyss:1  | lepoulpe303 the Demonspawn Abyssal Knight began the quest
                  | for the Orb.
     0 | Abyss:1  | Reached XP level 1. HP: 18/18 MP: 2/2
    39 | Abyss:1  | Noticed a sixfirhy
    44 | D:1      | Escaped the Abyss
   329 | D:1      | Identified a +0 short sword
   329 | D:1      | Identified a +0 dagger
   340 | D:1      | Reached * piety under Lugonu
   351 | D:1      | Reached skill level 2 in Long Blades
   351 | D:1      | Reached skill level 1 in Dodging
   371 | D:1      | Identified a +0 dagger
   499 | D:1      | Gained mutation: You have sharp fingernails. [demonic
                  | ancestry]
   499 | D:1      | Reached XP level 2. HP: 24/24 MP: 4/4
   531 | D:1      | Identified a +0 dagger
   587 | D:1      | Identified a +0 club
   592 | D:1      | Identified a +0 club
   600 | D:1      | Reached skill level 2 in Armour
   624 | D:1      | Identified a +0 dagger
   629 | D:1      | Reached skill level 3 in Invocations
   630 | D:1      | Identified a +0 club
   825 | D:1      | Identified a +0 club
   835 | D:1      | Identified a +0 dagger
   847 | D:1      | Identified a +0 club
   935 | D:1      | Reached XP level 3. HP: 27/29 MP: 5/5
  1396 | D:1      | Identified a +0 ring mail (You found it on level 1 of the
                  | Dungeon)
  1410 | D:2      | Found a stormy altar of Qazlal.
  1420 | D:2      | Identified a +4 short sword
  1420 | D:2      | Identified a +0 animal skin
  1420 | D:2      | Identified a +0 helmet
  1420 | D:2      | Noticed Robin
  1423 | D:2      | Identified a +0 hunting sling
  1423 | D:2      | Identified a +0 dagger
  1423 | D:2      | Identified a +0 dagger
  1587 | D:2      | Reached ** piety under Lugonu
  1603 | D:2      | Identified a +0 club
  1603 | D:2      | Identified a +0 club
  1604 | D:2      | Identified a +0 club
  1604 | D:2      | Identified a +0 hunting sling
  1605 | D:2      | Identified a +0 leather armour
  1608 | D:2      | Identified a +1 falchion
  1632 | D:2      | HP: 4/29 [Robin/+4 short sword (4)]
  1635 | D:2      | Slain by Robin

Table legend:
 A = Turns spent in this place as a percentage of turns spent in the entire game.
 B = Non-inter-level travel turns spent in this place as a percentage of non-inter-level travel turns spent in the entire game.
 C = Inter-level travel turns spent in this place as a percentage of turns spent in this place.
 D = Turns resting spent in this place as a percentage of non-inter-level travel turns spent in this place.
 E = Turns spent auto-exploring this place as a percentage of non-inter-level travel turns spent in this place.
 F = Non-inter-level travel turns spent in this place divided by the number of levels of this place that you've seen.
                   A       B       C       D       E      F
               +-------+-------+-------+-------+-------+----------------------
         Total | 100.0 | 100.0 |   7.8 |  21.1 |  60.5 | 502.3
       Dungeon |  97.3 |  97.1 |   8.0 |  21.7 |  62.3 | 731.5
         Abyss |   2.7 |   2.9 |   0.0 |   0.0 |   0.0 |  44.0
               +-------+-------+-------+-------+-------+----------------------

Table legend:
 A = Kills in this place as a percentage of kills in entire the game.
 B = Kills by you in this place as a percentage of kills by you in the entire game.
 C = Kills by friends in this place as a percentage of kills by friends in the entire game.
 D = Other kills in this place as a percentage of other kills in the entire game.
 E = Experience gained in this place as a percentage of experience gained in the entire game.
 F = Experience gained in this place divided by the number of levels of this place that you have seen.
                   A       B       C       D       E      F
               +-------+-------+-------+-------+-------+----------------------
         Total | 100.0 | 100.0 |   N/A |   N/A | 100.0 |  24.0
       Dungeon | 100.0 | 100.0 |   N/A |   N/A | 100.0 |  36.0
               +-------+-------+-------+-------+-------+----------------------

Skill      XL: |  1  2 |
---------------+-------+-----
Long Blades    | 2 |  2.4
Dodging        | 1 |  1.3
Armour         | 2 |  2.1
Invocations    | 3 |  3.3
Fighting       | |  3.1

Action                   || total
-------------------------++-------
Melee: Falchion          ||    90
 Fire: Hunting sling     ||     8
Invok: Depart the Abyss  ||     1
  Eat: Chunk             ||     2
Armor: Leather armour    ||    21
       Ring mail         ||    12
Dodge: Dodged            ||    96
       Rpst.: Falchion   ||    30

Vanquished Creatures
  A dart slug (D:1)
  A ball python (D:1)
  15 goblins
  4 hobgoblins
  6 bats
  A frilled lizard (D:2)
  10 kobolds (D:1)
  6 rats
44 creatures vanquished.

Vanquished Creatures (others)
  A plant (D:1)
1 creature vanquished.

Grand Total: 45 creatures vanquished
